 Dungeon Crawl Stone Soup version 0.30.0-19-g36f170ea60 (webtiles) character file.

Game seed: 4662146846932990394

3646 Ijustatesigmund the Fighter (level 10, -9/66 HPs)
             Began as a Gargoyle Gladiator on May 30, 2023.
             Was a Follower of the Shining One.
             Mangled by a komodo dragon (17 damage)
             ... on level 9 of the Dungeon.
             The game lasted 00:12:47 (10128 turns).

Ijustatesigmund the Fighter (Gargoyle Gladiator)   Turns: 10128, Time: 00:12:48

Health: -9/66      AC: 17    Str: 19    XL:     10   Next: 12%
Magic:  12/12      EV: 10    Int: 12    God:    the Shining One [*.....]
Gold:   431        SH:  8    Dex: 11    Spells: 9/9 levels left

rFire   + . .        a - +1 morningstar
rCold   + . .        x - +0 kite shield
rNeg    + . .        b - +0 acid dragon scales
rPois   ∞            c - +1 helmet
rElec   +            (no cloak)
rCorr   +            (no gloves)
SInv    .            z - +0 pair of boots
Will    .....        (no amulet)
Stlth   +            i - ring of protection from cold
HPRegen 0.31/turn    u - ring of protection from fire
MPRegen 0.13/turn

%: no passive effects
@: glowing
A: sickness immunity, AC +7, negative energy resistance 1, electricity
resistance, torment resistance 1, petrification resistance
a: Renounce Religion, Divine Shield


You were on level 9 of the Dungeon.
You worshipped the Shining One.
The Shining One was aware of your devotion.
You visited 2 branches of the dungeon, and saw 10 of its levels.

You collected 480 gold pieces.
You spent 49 gold pieces at shops.

Inventory:

Hand Weapons
 a - a +1 morningstar (weapon)
Missiles
 d - 4 throwing nets (quivered)
 e - 5 javelins
Armour
 b - +0 acid dragon scales (worn)
 c - a +1 helmet (worn)
 x - a +0 kite shield (worn)
 z - a +0 pair of boots (worn)
Jewellery
 i - a ring of protection from cold (left hand)
 t - a ring of positive energy
 u - a ring of protection from fire (right hand)
Wands
 j - a wand of digging (2)
 l - a wand of mindburst (3)
Scrolls
 f - 5 scrolls of teleportation
 m - a scroll of vulnerability
 n - a scroll of fear
 o - 3 scrolls of identify
 w - 4 scrolls of amnesia
 y - a scroll of silence
Potions
 g - a potion of invisibility
 h - a potion of berserk rage
 k - 3 potions of lignification
 p - 2 potions of flight
 q - 2 potions of haste
 r - 6 potions of curing
 s - 4 potions of attraction
 v - a potion of heal wounds


   Skills:
 + Level 9.5 Fighting
 + Level 9.0 Maces & Flails
 - Level 1.7 Throwing
 - Level 4.5 Armour
 - Level 2.4 Dodging
 + Level 3.7 Shields
 + Level 3.6 Invocations
 - Level 3.2 Evocations


You had 9 spell levels left.
You didn't know any spells.
Your spell library contained the following spells:

 Spells                   Type           Power      Damage    Failure   Level
 Ensorcelled Hibernation  Hex/Ice        0%         N/A       85%         2
 Passwall                 Tmut/Erth      0%         N/A       85%         2
 Wereblood                Tmut           0%         N/A       85%         2
 Swiftness                Air            0%         N/A       97%         3
 Summon Hydra             Summ           0%         N/A       100%        7
 Sublimation of Blood     Necr           Unusable   N/A       N/A         2

Dungeon Overview and Level Annotations

Branches:
Dungeon (9/15)             Temple (1/1) D:6
   Lair: D:8-11         Orc: D:9-12

Altars:
Ashenzari
Cheibriados
Dithmenos
Elyvilon
Fedhas
Gozag
Hepliaklqana
Kikubaaqudgha
Makhleb
Nemelex Xobeh
Okawaru
Qazlal
Ru
Sif Muna
Trog
Uskayaw
Vehumet
Xom
Yredelemnul
Zin
The Shining One

Shops:
D:8 [


Innate Abilities, Weirdness & Mutations

You are immune to sickness and miasma.
Your stone body is resilient. (AC +7)
You are immune to poison.
You resist negative energy. (rN+)
You are resistant to electric shocks. (rElec)
You are resistant to unholy torment.
You are immune to petrification.


Message History

The komodo dragon is heavily wounded.
The komodo dragon barely misses you. You block the komodo dragon's attack.
You hit the komodo dragon.
The komodo dragon is severely wounded.
The komodo dragon bites you!
You are too injured to fight recklessly!
You are too injured to fight recklessly!
You are too injured to fight recklessly!
You are too injured to fight recklessly!
You are too injured to fight recklessly!
You are too injured to fight recklessly!
You are too injured to fight recklessly!
You are too injured to fight recklessly!
You are too injured to fight recklessly!
You are too injured to fight recklessly!
You are too injured to fight recklessly!
You are too injured to fight recklessly!
You are too injured to fight recklessly!
You are too injured to fight recklessly!
You are too injured to fight recklessly!
You hit the komodo dragon but do no damage.
The komodo dragon is severely wounded.
The komodo dragon closely misses you.
You are too injured to fight recklessly!
You barely miss the komodo dragon.
The komodo dragon is severely wounded.
The komodo dragon bites you but does no damage.
You sock the komodo dragon!
The komodo dragon is almost dead.
The komodo dragon bites you!!
* * * LOW HITPOINT WARNING * * *
You hit the komodo dragon.
The komodo dragon is almost dead.
The komodo dragon bites you but does no damage.
You hit the komodo dragon but do no damage.
The komodo dragon is almost dead.
The komodo dragon barely misses you.
The komodo dragon hisses menacingly.
The komodo dragon bites you!
You die...

#.......# #.......#
#.......# #.......#
#.......####
#.......'... +..)....#
#.))@...# ## ###l#####
#. #))# ####. ###'#####
#.... #.......# #....
#)......# ####....
#.......#####.......
#.'.......'.....##....
...#.......########....


You could see a komodo dragon.

Vanquished Creatures
  3 yaks (D:9)
  An acid dragon (D:8)
  An orc warrior (D:7)
  3 black bears
  2 ice beasts
  2 centaurs
  2 kobold brigands
  3 bullfrogs
  3 gnoll sergeants
  2 scorpions
  13 wights
  6 killer bees
  3 hounds
  A sleepcap (D:4)
  A gnoll bouda (D:8)
  2 orc priests
  A jelly (D:8)
  Jessica (D:3)
  2 iguanas
  4 orc wizards
  10 adders
  20 gnolls
  A howler monkey skeleton (D:3)
  2 white imps (D:7)
  An ufetubus (D:3)
  An adder zombie (D:3)
  3 worms
  5 dart slugs
  16 orcs
  2 bats
  4 endoplasms
  3 giant cockroaches
  8 goblins
  4 hobgoblins
  6 jackals
  21 kobolds
  2 quokkas
  7 ball pythons
  A ball python skeleton (D:3)
  4 frilled lizards
  A quokka skeleton (D:3)
  3 rats
181 creatures vanquished.

Notes
Turn   | Place    | Note
-------+----------+-------------------------------------------
     0 | D:1      | Ijustatesigmund the Gargoyle Gladiator began the quest for
                  | the Orb.
     0 | D:1      | Reached XP level 1. HP: 12/12 MP: 1/1
    91 | D:1      | Reached XP level 2. HP: 10/18 MP: 2/2
   354 | D:1      | Found a faded altar of an unknown god.
   942 | D:2      | Identified the +1 hand axe of Jagod {flame, Will++ Int+3
                  | Stlth+}
  1068 | D:2      | Reached XP level 3. HP: 23/23 MP: 3/3
  1286 | D:2      | Found a radiant altar of Vehumet.
  1640 | D:2      | Noticed a black bear
  1646 | D:2      | Killed a black bear
  1647 | D:2      | Reached XP level 4. HP: 30/30 MP: 4/4
  1647 | D:2      | Reached XP level 5. HP: 34/34 MP: 5/5
  1753 | D:3      | Noticed Jessica
  1760 | D:3      | Killed Jessica
  2154 | D:3      | Reached skill level 5 in Maces & Flails
  2156 | D:3      | Reached XP level 6. HP: 27/40 MP: 6/6
  2168 | D:3      | Reached skill level 5 in Fighting
  2959 | D:4      | Reached XP level 7. HP: 10/45 MP: 7/7
  3645 | D:5      | Entered Level 5 of the Dungeon
  3903 | D:5      | Found a blossoming altar of Fedhas.
  4256 | D:5      | Reached XP level 8. HP: 45/53 MP: 8/8
  4671 | D:6      | You fall into a shaft and drop 1 floor!
  4671 | D:7      | Found a shadowy altar of Dithmenos.
  4677 | D:7      | Found a white marble altar of Elyvilon.
  4769 | D:7      | Reached skill level 1 in Armour
  5238 | D:6      | Found a staircase to the Ecumenical Temple.
  5243 | Temple   | Entered the Ecumenical Temple
  5428 | Temple   | Became a worshipper of the Shining One
  6032 | D:7      | Reached skill level 1 in Evocations
  7383 | D:7      | Reached XP level 9. HP: 58/59 MP: 9/9
  8649 | D:8      | Noticed an animated shadow dragon scales
  8918 | D:8      | Reached skill level 1 in Shields
  8918 | D:8      | Reached skill level 1 in Invocations
  9306 | D:8      | Found Tyedoud's Armour Shoppe.
  9307 | D:8      | Noticed an animated shadow dragon scales
  9322 | D:8      | Bought a +0 pair of boots for 49 gold pieces
  9497 | D:9      | Reached * piety under the Shining One
  9659 | D:9      | Reached XP level 10. HP: 25/66 MP: 10/12
 10128 | D:9      | Mangled by a komodo dragon

Illustrated notes

Levels and vault maps discovered:
D:1:      kennysheep_arrival_forest, layout_loops_ring,
          ebering_ecumenical_altar_ruins
D:2:      layout_basic, basic_altar
D:3:      layout_loops_ring, serial_undead, serial_undead_a, serial_undead_b,
          serial_undead_c, serial_undead_b, uniq_jessica
D:4:      layout_cave_pools, cheibrodos_sewer_entry_bend, minivault_26
D:5:      layout_rooms, lemuel_doored_altar, minmay_misc_feat_tower
D:6:      layout_loops_corners, temple_doors_cd, dk_vineyard_2,
          kennysheep_generic_room_8
D:7:      layout_gridville, grunt_temple_overflow_open, eino_jars
D:8:      layout_basic, serial_shops, nicolae_shop_mannequins
D:9:      layout_roguey, david_lair_shrubbed
Temple:   nicolae_temple_bog_church

Skill      XL: |  1  2  3  4  5  6  7  8  9 10 |
---------------+-------------------------------+-----
Fighting       | 3 4 5 7 8 9 |  9.5
Maces & Flails | 4 5 6 7 8 9 |  9.0
Armour         | 3 4 |  4.5
Evocations     | 2 3 |  3.2
Shields        | 3 |  3.7
Invocations    | 3 |  3.6
Throwing       | |  1.7
Dodging        | |  2.4

Action                     |  1- 3 |  4- 6 |  7- 9 | 10-12 || total
---------------------------+-------+-------+-------+-------++-------
  Melee: Flail             |    94 |   132 |   185 |       ||   411
         Punch             |     2 |       |     2 |       ||     4
         Morningstar       |       |       |   231 |    48 ||   279
  Throw: Throwing net      |     3 |       |       |       ||     3
    Use: Scroll            |       |    11 |    12 |       ||    23
         Potion            |       |     1 |     1 |       ||     2
   Stab: Held in net/web   |     1 |       |       |       ||     1
 Armour: Leather armour    |    34 |    49 |   180 |       ||   263
         Acid dragon scale |       |       |    47 |    20 ||    67
  Dodge: Dodged            |    69 |    78 |   307 |    18 ||   472
  Block: Kite shield       |       |       |    43 |    16 ||    59
